 Dungeon Crawl Stone Soup version 0.31-a0-1338-gb567cfdca4 (webtiles) character file.

Game seed: 182691223386604675

21839 jasper the Spear-Bearer (level 12, 0/94 HPs)
             Began as a Minotaur Summoner on Dec 22, 2023.
             Was a High Priest of Cheibriados.
             Slain by a basilisk (6 damage)
             ... while petrified by a basilisk
             ... on level 12 of the Dungeon.
             The game lasted 00:19:03 (12514 turns).

jasper the Spear-Bearer (Minotaur Summoner)        Turns: 12514, Time: 00:19:03

Health: 0/94       AC: 14    Str: 28    XL:     12   Next: 57%
Magic:  3/13       EV:  2    Int: 30    God:    Cheibriados [*****.]
Gold:   573        SH:  0    Dex: 25    Spells: 3/13 levels left

rFire   . . .        S - +8 demon trident "Rift" {distort, reach+}
rCold   . . .        (no shield)
rNeg    + + +        M - +0 acid dragon scales
rPois   ∞            (helmet restricted)
rElec   .            J - +1 cloak
rCorr   +            D - +2 pair of gloves
SInv    .            U - +0 pair of boots
Will    .....        (no amulet)
Stlth   ++           x - +5 ring of evasion
HPRegen 0.35/turn    E - +4 ring of slaying
MPRegen 0.13/turn

%: no passive effects
@: about to teleport, petrified, unable to call your familiar, very slow
A: horns 2, retaliatory headbutt
a: Renounce Religion, Bend Time, Temporal Distortion, Slouch, Step From Time


You were on level 12 of the Dungeon.
You worshipped Cheibriados.
Cheibriados was extremely pleased with you.
You visited 2 branches of the dungeon, and saw 13 of its levels.
You also visited: Bailey.

You collected 573 gold pieces.

Inventory:

Hand Weapons
 S - the +8 demon trident "Rift" (weapon) {distort, reach+}
   (You found it in a bailey)
Missiles
 v - a throwing net
 w - 3 darts of dispersal
 z - 70 poisoned darts
 I - 6 curare-tipped darts
 R - 10 javelins
Armour
 s - a +0 scale mail
 y - a +0 pair of gloves
 D - a +2 pair of gloves (worn)
 J - a +1 cloak (worn)
 K - +0 acid dragon scales
 M - +0 acid dragon scales (worn)
 T - a +1 scale mail of fire resistance
 U - a +0 pair of boots (worn)
Jewellery
 x - a +5 ring of evasion (left hand)
 A - an amulet of faith
 E - a +4 ring of slaying (right hand)
 F - a ring of flight
Wands
 d - a wand of mindburst (10)
 h - a wand of polymorph (7)
 o - a wand of light (4)
 t - a wand of charming (17)
 N - a wand of iceblast (2)
Scrolls
 c - a scroll of fear
 e - a scroll of torment
 i - a scroll of vulnerability
 u - a scroll of enchant weapon
 H - a scroll of amnesia
Potions
 b - 2 potions of magic
 j - a potion of might
 n - 2 potions of ambrosia
 q - 3 potions of brilliance
 r - 5 potions of curing
 B - 2 potions of resistance
 C - 2 potions of mutation {unknown}
 G - a potion of attraction {unknown}
 O - a potion of cancellation {unknown}
 P - 3 potions of berserk rage {unknown}
 Q - a potion of lignification {unknown}


   Skills:
 - Level 5.0 Fighting
 - Level 14.0 Polearms
 - Level 5.0 Armour
 - Level 5.0 Dodging
 - Level 1.5 Stealth
 - Level 1.3 Spellcasting
 + Level 12.0 Summonings
 - Level 2.0 Air Magic


You had 3 spell levels left.
You knew the following spells:

 Your Spells              Type           Power      Damage    Failure   Level
a - Call Canine Familiar  Summ           65%        N/A       1%          3
b - Summon Guardian Gole  Hex/Summ       38%        N/A       2%          3
c - Summon Lightning Spi  Summ/Air       44%        N/A       5%          4

Your spell library contained the following spells:

 Spells                   Type           Power      Damage    Failure   Level
 Summon Small Mammal      Summ           100%       N/A       1%          1
 Call Imp                 Summ           100%       N/A       1%          2
 Kiss of Death            Conj/Necr      8%         2d6       10%         1
 Mercury Vapours          Alch/Air       16%        N/A       10%         2
 Mephitic Cloud           Conj/Alch/Air  6%         N/A       22%         3
 Confusing Touch          Hex            2%         N/A       30%         3
 Tukima's Dance           Hex            2%         N/A       30%         3
 Dispel Undead            Necr           2%         3d7       69%         4
 Passage of Golubria      Tloc           2%         N/A       69%         4
 Freezing Cloud           Conj/Ice/Air   3%         6-21      91%         5
 Yara's Violent Unravell  Hex/Alch       1%         3d3       95%         5


Dungeon Overview and Level Annotations

Branches:
Dungeon (12/15)            Temple (1/1) D:7            Lair (0/5) D:8
 Bailey (visited)
    Orc: D:9-12

Altars:
Ashenzari
Cheibriados
Dithmenos
Elyvilon
Fedhas
Gozag
Hepliaklqana
Kikubaaqudgha
Makhleb
Nemelex Xobeh
Okawaru
Qazlal
Ru
Sif Muna
Trog
Uskayaw
Vehumet
Wu Jian
Xom
Yredelemnul
Zin
The Shining One

Annotations:
D:2 Sigmund
D:9 2 transporters, jestert79's ghost, novice MfIE
D:12 Rupert


Innate Abilities, Weirdness & Mutations

You have a pair of horns on your head.
You reflexively headbutt those who attack you in melee.


Message History

Rupert hits your guardian golem with a +5 battleaxe of electrocution!
Reach: S) +8 demon trident "Rift" {distort, reach+}
Press: ? - help, Dir - move target, f - Rupert
Aim: Rupert, wielding a +5 battleaxe of electrocution and wearing a +0 scale mail (berserk, ally target, about 20% to evade the +8 demon trident "Rift")
You closely miss Rupert.
Rupert hits your lightning spire with a +5 battleaxe of electrocution!
Rupert hits your guardian golem with a +5 battleaxe of electrocution!
Reach: S) +8 demon trident "Rift" {distort, reach+}
Press: ? - help, Dir - move target, f/p - Rupert
Aim: Rupert, wielding a +5 battleaxe of electrocution and wearing a +0 scale mail (berserk, ally target, about 20% to evade the +8 demon trident "Rift")
You barely miss Rupert.
Rupert hits your lightning spire with a +5 battleaxe of electrocution!!
Your lightning spire is destroyed!
Your lightning spire disappears in a puff of smoke!
Rupert hits your guardian golem with a +5 battleaxe of electrocution!!
Your guardian golem is destroyed!
Your guardian golem disappears in a puff of smoke!
Something hits you but does no damage.
Deactivating autopickup; reactivate with Ctrl-A.
Rupert rages.
Rupert misses you. The basilisk gazes at you.
You are slowing down.
Your limbs are stiffening.
Unknown command.
Unknown command.
Unknown command.
As you read the scroll of teleportation, it crumbles to dust.
You feel strangely unstable. Something hits you but does no damage.
Rupert hits you with a +5 battleaxe of electrocution!!
Rupert hits you with a +5 battleaxe of electrocution.
The basilisk gazes at you. You resist with some effort.
You have turned to stone.
Rupert hits you with a +5 battleaxe of electrocution.
You are electrocuted!
* * * LOW HITPOINT WARNING * * *
Rupert hits you with a +5 battleaxe of electrocution!!
* * * LOW HITPOINT WARNING * * *
The basilisk bites you!
You die...

##....##.#
#........#
#...........
#..######### #..#
#..#######
#......... #
#.#########
#####.#!{@@.....#
.........l#####...
#####.###.# ...
#.# +.. #.# #..
#.# #. #.# #. ...
.#


You could see Rupert (berserk) and a basilisk.

Vanquished Creatures
  2 two-headed ogres
  2 orc sorcerers (Bailey)
  2 cyclopes (D:11)
  Maggie (D:8)
  An unseen horror (D:10)
  Psyche (D:12)
  2 shadows (D:11)
  12 yaks
  3 steam dragons
  2 acid dragons
  Duvessa (D:4)
  A water moccasin (D:5)
  16 orc warriors
  3 sky beasts
  2 ice beasts
  4 ogres
  5 centaurs
  A phantom (D:6)
  Blork the orc (D:4)
  6 kobold brigands
  6 bullfrogs
  A gnoll sergeant (D:7)
  4 scorpions
  4 wights (D:6)
  Dowan (D:4)
  14 killer bees
  5 jellies
  4 electric eels (Bailey)
  2 howler monkeys (D:11)
  2 hounds
  3 orc priests
  4 sleepcaps
  2 gnoll boudas
  4 iguanas
  2 orc wizards
  25 gnolls
  3 adders
  A shadow imp (D:7)
  3 bombardier beetles
  4 ufetubi
  A worm (D:4)
  9 dart slugs (D:4)
  30 orcs
  8 endoplasms
  6 giant cockroaches
  14 goblins
  11 hobgoblins
  2 jackals (D:4)
  3 quokkas
  5 ball pythons
  4 bats
  A frilled lizard (D:1)
  49 kobolds
  3 rats
  A spectral goblin (D:4)
309 creatures vanquished.

Vanquished Creatures (collateral kills)
  An orc warrior (Bailey)
  A killer bee (D:9)
  An orc (Bailey)
3 creatures vanquished.

Vanquished Creatures (others)
  An orc warrior (Bailey)
  2 hobgoblins (Bailey)
  A kobold (D:8)
4 creatures vanquished.

Grand Total: 316 creatures vanquished

Notes
Turn   | Place    | Note
-------+----------+-------------------------------------------
     0 | D:1      | jasper the Minotaur Summoner began the quest for the Orb.
     0 | D:1      | Reached XP level 1. HP: 14/14 MP: 1/1
   198 | D:1      | Reached skill level 1 in Fighting
   198 | D:1      | Reached skill level 1 in Armour
   198 | D:1      | Reached XP level 2. HP: 20/23 MP: 3/3
   225 | D:1      | Found a faded altar of an unknown god.
  1017 | D:2      | Noticed Sigmund
  1119 | D:3      | Found an ornate altar of the Wu Jian Council.
  1128 | D:3      | Reached XP level 3. HP: 29/29 MP: 4/4
  1143 | D:3      | Found a shadowy altar of Dithmenos.
  1249 | D:3      | Reached XP level 4. HP: 23/37 MP: 5/5
  1391 | D:3      | Reached skill level 1 in Polearms
  1722 | D:3      | Reached skill level 2 in Polearms
  1882 | D:3      | Reached XP level 5. HP: 31/44 MP: 6/6
  2101 | D:3      | HP: 2/44 [poisoned by a kobold]
  2424 | D:4      | Found a hazy altar of Hepliaklqana.
  2537 | D:4      | Noticed Dowan
  2641 | D:5      | Entered Level 5 of the Dungeon
  2660 | D:5      | Noticed an ogre
  2667 | D:5      | Killed an ogre
  2668 | D:5      | Reached skill level 3 in Polearms
  2777 | D:5      | Noticed an ogre
  2785 | D:5      | Killed an ogre
  2786 | D:5      | Reached XP level 6. HP: 28/51 MP: 3/7
  2970 | D:5      | Reached skill level 4 in Polearms
  3327 | D:5      | Reached XP level 7. HP: 58/59 MP: 5/8
  3455 | D:5      | Reached skill level 5 in Polearms
  3716 | D:5      | Found a white marble altar of Elyvilon.
  4187 | D:6      | Noticed a steam dragon
  4205 | D:7      | Reached skill level 5 in Dodging
  4294 | D:7      | Reached skill level 6 in Polearms
  4474 | D:7      | Found a staircase to the Ecumenical Temple.
  4483 | Temple   | Entered the Ecumenical Temple
  4512 | Temple   | Became a worshipper of Cheibriados the Contemplative
  4661 | D:7      | Reached skill level 5 in Fighting
  4674 | D:7      | Reached skill level 5 in Armour
  4674 | D:7      | Reached XP level 8. HP: 48/68 MP: 9/9
  4693 | D:7      | Reached skill level 7 in Polearms
  4806 | D:7      | Learned a level 3 spell: Call Canine Familiar
  4993 | D:7      | Reached * piety under Cheibriados
  5000 | D:7      | Reached skill level 8 in Polearms
  5141 | D:7      | Reached skill level 9 in Polearms
  5344 | D:7      | Reached skill level 10 in Polearms
  5687 | D:6      | Reached ** piety under Cheibriados
  5720 | D:6      | Reached XP level 9. HP: 30/74 MP: 10/10
  5724 | D:6      | Learned a level 3 spell: Summon Guardian Golem
  5729 | D:6      | Learned a level 4 spell: Summon Lightning Spire
  5775 | D:6      | Reached skill level 11 in Polearms
  6085 | D:6      | Found a blossoming altar of Fedhas.
  6412 | D:6      | Reached skill level 12 in Polearms
  6936 | D:8      | Reached *** piety under Cheibriados
  6937 | D:8      | Reached skill level 13 in Polearms
  7120 | D:4      | Noticed Duvessa
  7136 | D:4      | Killed Dowan
  7137 | D:4      | Killed Duvessa
  7298 | D:4      | Noticed Blork the orc
  7307 | D:4      | Killed Blork the orc
  7624 | D:8      | Noticed a two-headed ogre
  7636 | D:8      | Killed a two-headed ogre
  7637 | D:8      | Reached skill level 14 in Polearms
  7637 | D:8      | Reached XP level 10. HP: 73/81 MP: 11/11
  7673 | D:8      | Found a staircase to the Lair.
  7709 | D:8      | Noticed Maggie
  7732 | D:8      | Killed Maggie
  7780 | D:8      | Reached skill level 5 in Summonings
  7985 | D:8      | Reached **** piety under Cheibriados
  8672 | D:9      | Reached skill level 1 in Air Magic
  8906 | D:9      | Found a transporter.
  8923 | D:9      | Found a transporter.
  9002 | D:9      | Reached ***** piety under Cheibriados
  9267 | D:9      | Noticed a tengu warrior
  9271 | D:9      | Noticed a two-headed ogre
  9272 | D:9      | Noticed jestert79's ghost (novice MfIE)
  9274 | D:9      | Noticed a moth of wrath
  9287 | D:9      | Found a bloodstained altar of Trog.
  9309 | D:9      | Noticed a two-headed ogre
  9381 | D:9      | Found a radiant altar of Vehumet.
  9520 | D:10     | Entered Level 10 of the Dungeon
  9722 | D:10     | Found a flagged portal.
  9731 | Bailey   | Entered a bailey
  9819 | Bailey   | Noticed an orc sorcerer
  9827 | Bailey   | Killed an orc sorcerer
  9828 | Bailey   | Reached XP level 11. HP: 68/86 MP: 9/12
  9892 | Bailey   | Found the +8 demon trident "Rift" {distort, reach+}
  9907 | Bailey   | Noticed an orc sorcerer
  9932 | Bailey   | Killed an orc sorcerer
 10436 | Bailey   | Found an iron altar of Okawaru.
 10518 | Bailey   | Reached skill level 10 in Summonings
 10518 | Bailey   | Reached XP level 12. HP: 94/94 MP: 13/13
 11086 | D:10     | Identified the +5 plate armour of Qejoy {rN+ Str+3 Int-3}
 12131 | D:11     | Noticed a boulder beetle
 12136 | D:11     | Banished a boulder beetle
 12192 | D:11     | Noticed a two-headed ogre
 12194 | D:11     | Killed a two-headed ogre
 12267 | D:11     | Identified the +7 dagger of the Hated {drain, *Noise rN+++
                  | rCorr Str+2}
 12490 | D:12     | Noticed Psyche
 12493 | D:12     | Killed Psyche
 12503 | D:12     | Noticed Rupert
 12514 | D:12     | Slain by a basilisk

Illustrated notes

Levels and vault maps discovered:
D:1:      dpeg_arrival_rooms_a, layout_loops_ring, serial_glass,
          glass_columns_a, glass_columns_b, hellmonk_ecumenical_altar_run_dry
D:2:      layout_loops_ring, nicolae_figureground_sparkle, uniq_sigmund,
          uniq_jessica
D:3:      layout_basic, mainiacjoe_overflow_large_starburst,
          kennysheep_generic_room_13
D:4:      kennysheep_slugbush, layout_loops_ring,
          nicolae_hepliaklqana_monster_ancestors, uniq_blork_the_orc,
          uniq_duvessa
D:5:      kennysheep_kobold_camp, layout_rooms,
          mainiacjoe_overflow_small_starburst, kennysheep_big_empty_room,
          saegor_snake_ambush
D:6:      minmay_razor_zed, layout_cave_pools,
          mainiacjoe_overflow_six_doors_small
D:7:      layout_basic, minmay_temple_entry_antechambers, minmay_between
D:8:      layout_basic, dpeg_oklobed_lair, uniq_maggie
D:9:      corexii_shack_village, layout_basic, general_overflow_altar,
          serial_curves, eino_curves_01, eino_curves_04, eino_curves_04,
          gammafunk_ghost_wrathful_warriors,
          serial_library_hellmonk_long_bookcase, chequers_serial_rivers_marsh
D:10:     layout_grid_maze, enter_bailey_8
D:11:     layout_roguey
D:12:     layout_basic, david_orc_2, portal_ice_cave_entry_pillars_1,
          serial_shops, nicolae_take_the_stairs,
          nicolae_ru_sacrificial_ziggurat, uniq_psyche, uniq_azrael, uniq_rupert
Temple:   kb_temple_of_zot

Skill      XL: |  1  2  3  4  5  6  7  8  9 10 11 12 |
---------------+-------------------------------------+-----
Fighting       | 1 2 3 4 5 |  5.0
Armour         | 1 2 3 5 |  5.0
Dodging        | 3 4 5 |  5.0
Polearms       | 2 3 4 6 10 14 | 14.0
Summonings     | 4 7 10 12 | 12.0
Air Magic      | 2 |  2.0
Stealth        | |  1.5
Spellcasting   | |  1.3

Action                     |  1- 3 |  4- 6 |  7- 9 | 10-12 || total
---------------------------+-------+-------+-------+-------++-------
  Melee: Unarmed           |    13 |       |       |       ||    13
         Dagger            |    38 |       |       |       ||    38
         Headbutt          |    20 |    30 |    58 |    54 ||   162
         Short sword       |    54 |       |       |       ||    54
         Spear             |    11 |   153 |   161 |       ||   325
         Punch             |       |     1 |     6 |     6 ||    13
         Trident           |       |       |   223 |   237 ||   460
         Demon trident     |       |       |       |    54 ||    54
   Cast: Summon Small Mamm |     6 |     8 |     3 |       ||    17
         Call Canine Famil |       |       |       |    16 ||    16
         Summon Guardian G |       |       |       |     2 ||     2
         Summon Lightning  |       |       |       |     3 ||     3
  Evoke: Wand              |       |       |     4 |     6 ||    10
    Use: Scroll            |       |     4 |     4 |    13 ||    21
         Potion            |       |       |     3 |     2 ||     5
   Stab: Invisible         |       |       |     7 |       ||     7
         Distracted        |       |       |       |     2 ||     2
         Sleeping          |       |       |       |     1 ||     1
 Armour: Robe              |    10 |       |       |       ||    10
         Ring mail         |    53 |       |       |       ||    53
         Scale mail        |    10 |    67 |   193 |     2 ||   272
         Acid dragon scale |       |       |       |   121 ||   121
  Dodge: Dodged            |    52 |    62 |   276 |   202 ||   592

Table legend: (Time is in decaauts)
 A = Elapsed time spent in this place.
 B = Non-inter-level travel time spent in this place.
 C = Inter-level travel time spent in this place.
 D = Time resting spent in this place.
 E = Time spent auto-exploring this place.
 F = Levels seen in this place.
 G = Mean time per level.
                   A        B        C        D        E       F      G
               +--------+--------+--------+--------+--------+-----+--------+
         Total |  16076 |  15494 |    582 |    705 |  12170 |  14 | 1148.3 |
       Dungeon |  15005 |  14487 |    518 |    537 |  11688 |  12 | 1250.4 |
        Temple |     66 |      3 |     63 |      0 |      0 |   1 |   66.0 |
        Bailey |   1004 |   1004 |      0 |    168 |    482 |   1 | 1004.0 |
               +--------+--------+--------+--------+--------+-----+--------+

Top non-repeatable levels by time:
    D:10: 2200 daAuts
     D:7: 1664 daAuts
     D:6: 1628 daAuts
     D:5: 1585 daAuts
     D:9: 1574 daAuts
    D:11: 1417 daAuts
     D:8: 1393 daAuts
     D:4: 1292 daAuts
     D:3: 1147 daAuts
  Bailey: 1004 daAuts
     D:1: 959 daAuts
     D:2: 102 daAuts
  Temple: 66 daAuts
    D:12: 39 daAuts
